 Dungeon Crawl Stone Soup version 0.20.0-4-g10b340a (webtiles) character file.

145 anfisbena the Skirmisher (level 5, -4/29 HPs)
             Began as a Vine Stalker Fighter on May 27, 2017.
             Slain by a gnoll
             ... wielding a +0 spear
              (6 damage)
             ... while paralysed by Grinder
             ... on level 3 of the Dungeon.
             The game lasted 00:01:38 (2001 turns).

anfisbena the Skirmisher (Vine Stalker Fighter)     Turns: 2001, Time: 00:01:38

Health: -4/29      AC:  6    Str: 24    XL:     5   Next: 27%
Magic:  0/6        EV:  2    Int:  8    God:
Gold:   93         SH:  0    Dex: 14    Spells: 4/4 levels left

rFire    . . .     SeeInvis .   a - +0 long sword
rCold    . . .     Gourm    .   c - +0 shield
rNeg     + . .     Faith    .   b - +0 scale mail
rPois    .         Spirit   +   (no helmet)
rElec    .         Reflect  .   (no cloak)
rCorr    .         Harm     .   (no gloves)
MR       .....                  (no boots)
Stlth    +.........             (no amulet)
Regen    0.5/turn               i - ring of positive energy
MPRegen  0.1/turn               n - ring of stealth

@: paralysed, mighty
A: fangs 2, regeneration 1, magic shield, antimagic bite, no potion heal 3, rot
immunity
a: no special abilities


You were on level 3 of the Dungeon.
You were not hungry.

You visited 1 branch of the dungeon, and saw 3 of its levels.

You collected 93 gold pieces.

Inventory:

Hand Weapons
 a - a +0 long sword (weapon)
Armour
 b - a +0 scale mail (worn)
 c - a +0 shield (worn)
Jewellery
 i - a ring of positive energy (left hand)
 n - a ring of stealth (right hand)
Scrolls
 e - 3 scrolls of teleportation {unknown}
 h - 3 scrolls of remove curse {unknown}
 j - a scroll of enchant armour {unknown}
 o - 2 scrolls of identify {unknown}
 p - a scroll of fog {unknown}
 q - a scroll of random uselessness {unknown}
 t - a scroll of magic mapping {unknown}
Potions
 l - a potion of degeneration {unknown}
 m - a potion of lignification {unknown}
 u - a potion of flight {unknown}
Comestibles
 f - 2 bread rations
 g - a chunk of flesh
 k - a fruit
 r - a royal jelly
 s - 2 meat rations


   Skills:
 + Level 4.2 Fighting
 + Level 3.5 Long Blades
 - Level 2.4 Armour
 - Level 2.6 Shields


You had 4 spell levels left.
You didn't know any spells.

Dungeon Overview and Level Annotations

Branches:
Dungeon (3/15)

Altars:
Yredelemnul

Annotations:
D:3 Grinder


Innate Abilities, Weirdness & Mutations

You have extremely sharp teeth.
Your natural rate of healing is unusually fast.
When hurt, damage is shared between your health and your magic reserves.
Your bite disrupts and absorbs the magic of your enemies.
Potions cannot restore your health.
You are immune to rotting.


Message History

You closely miss Grinder.
Grinder is almost dead.
Grinder gestures at you.
You suddenly lose the ability to move!
The gnoll hits you but does no damage.
Grinder blinks!
A gnoll comes into view. It is wielding a spear.
The gnoll shouts!
The gnoll hits you from afar with a spear.
* * * LOW HITPOINT WARNING * * *
Some of the chunks of flesh in your inventory have rotted away.
The gnoll hits you but does no damage. x2
Grinder hits you.
* * * LOW HITPOINT WARNING * * *
The gnoll hits you from afar with a spear.
* * * LOW HITPOINT WARNING * * *
Grinder blinks!
The gnoll hits you from afar with a spear!
* * * LOW HITPOINT WARNING * * *
The gnoll hits you from afar with a spear.
You die...

##########
#######........#
...........###.#
.........<.+...#
...........#####
..########@####
.......>#§#
#...÷g.#
+......#
#.....## #.5...#
.......##.##
..._... #.#
....... #.#


You could see Grinder and a gnoll.

Vanquished Creatures
  Jessica (D:2)
  A gnoll (D:1)
  5 adders
  A worm (D:2)
  A dart slug (D:1)
  A leopard gecko (D:1)
  5 bats
  A giant cockroach (D:1)
  7 goblins
  6 hobgoblins
  6 jackals (D:1)
  11 kobolds
  2 quokkas (D:2)
  5 frilled lizards
  2 rats
55 creatures vanquished.

Notes
Turn   | Place    | Note
-------+----------+-------------------------------------------
     0 | D:1      | anfisbena the Vine Stalker Fighter began the quest for the Orb.
     0 | D:1      | Reached XP level 1. HP: 11/11 MP: 2/2
    59 | D:1      | Reached XP level 2. HP: 16/16 MP: 3/3
    72 | D:1      | Reached skill level 3 in Fighting
   410 | D:1      | Reached XP level 3. HP: 15/20 MP: 4/4
  1227 | D:2      | Gained mutation: Your natural rate of healing is unusually fast. [Vine Stalker growth]
  1227 | D:2      | Reached XP level 4. HP: 23/25 MP: 5/5
  1480 | D:2      | Noticed Jessica
  1492 | D:2      | Killed Jessica
  1492 | D:2      | Reached skill level 4 in Fighting
  1590 | D:2      | Reached XP level 5. HP: 27/29 MP: 6/6
  1955 | D:3      | Found a basalt altar of Yredelemnul.
  1981 | D:3      | Noticed Grinder
  1995 | D:3      | Paralysed by Grinder for 7 turns
  2000 | D:3      | HP: 1/29 [gnoll/spear (6)]
  2001 | D:3      | Slain by a gnoll

Skill      XL: |  1  2  3  4 |
---------------+-------------+-----
Long Blades    | 2 3 |  3.5
Fighting       | 3 4 |  4.2
Armour         | |  2.4
Shields        | |  2.6

Action                   |  1- 3 |  4- 6 || total
-------------------------+-------+-------++-------
Melee: Long sword        |    93 |    74 ||   167
       Bite              |    23 |    16 ||    39
  Use: Potion            |       |     1 ||     1
  Eat: Chunk             |     1 |     3 ||     4
Armor: Scale mail        |    53 |    40 ||    93
Dodge: Dodged            |    21 |    22 ||    43
Block: Shield            |    52 |    41 ||    93
       Rpst.: Long sword |     5 |     5 ||    10
